 Dungeon Crawl Stone Soup version 0.24.0-123-gd5b16e6ec5 (webtiles) character file.

Game seed: 5795429385882507209, levelgen mode: deterministic

107 Notrik the Skirmisher (level 4, -4/45 HPs)
             Began as a Hill Orc Berserker on Feb 7, 2020.
             Was a Believer of Trog.
             Slain by Sigmund
             ... wielding a +0 scythe
              (10 damage)
             ... on level 3 of the Dungeon.
             The game lasted 00:04:08 (2435 turns).

Notrik the Skirmisher (Hill Orc Berserker)          Turns: 2435, Time: 00:04:08

Health: -4/45      AC:  3    Str: 20    XL:     4   Next: 86%
Magic:  4/4        EV: 11    Int:  7    God:    Trog [**....]
Gold:   100        SH:  0    Dex: 10    Spells: 3/3 levels left

rFire    . . .     SeeInvis .   a - +0 hand axe
rCold    . . .     Gourm    .   (no shield)
rNeg     . . .     Faith    .   r - +0 leather armour
rPois    .         Spirit   .   (no helmet)
rElec    .         Reflect  .   (no cloak)
rCorr    .         Harm     .   (no gloves)
MR       .....                  (no boots)
Stlth    +.........             (no amulet)
HPRegen  0.15/turn              (no ring)
MPRegen  0.09/turn              (no ring)

@: no status effects
A: no striking features
a: Berserk, Trog's Hand, Renounce Religion


You were on level 3 of the Dungeon.
You worshipped Trog.
Trog was pleased with you.
You were hungry.

You visited 1 branch of the dungeon, and saw 3 of its levels.

You collected 100 gold pieces.

Inventory:

Hand Weapons
 a - a +0 hand axe (weapon)
Armour
 r - a +0 leather armour (worn)
   (You found it on level 2 of the Dungeon)
Jewellery
 j - an uncursed ring of poison resistance {unknown}
   (You found it on level 1 of the Dungeon)
 q - a +2 ring of dexterity {unknown}
   (You found it on level 2 of the Dungeon)
Scrolls
 k - 2 scrolls of remove curse {unknown}
 l - a scroll of blinking {unknown}
 m - 2 scrolls of identify {unknown}
 n - a scroll of magic mapping {unknown}
 p - a scroll of teleportation {unknown}
Potions
 b - 2 potions of haste {unknown}
 c - 2 potions of curing {unknown}
 f - a potion of magic {unknown}
 g - a potion of heal wounds {unknown}
 h - a potion of mutation {unknown}
 i - a potion of lignification {unknown}
 o - a potion of resistance {unknown}
 s - 3 potions of degeneration {unknown}
Comestibles
 d - a chunk of flesh
 e - 4 rations {!d}


   Skills:
 * Level 6.5 Fighting
 - Level 4.0 Axes
 - Level 2.1 Armour
 - Level 1.5 Dodging


You had 3 spell levels left.
You didn't know any spells.
Your spell library was empty.

Dungeon Overview and Level Annotations

Branches:
Dungeon (3/15)

Altars:

Annotations:
D:3 Sigmund


Message History

You are too injured to fight recklessly!
The dart slug barely misses you. What are your orders? t - Shout!
Orders for allies: a - Attack new target. r - Retreat! s - Stop attacking. g - Guard the area. f - Follow me.
Anything else - Cancel.
Okay, then.
You are feeling hungry.
The dart slug launches a dart at you. The slug dart hits you.
* * * LOW HITPOINT WARNING * * *
Sigmund points at you and mumbles some strange words.
The magic dart hits you.
* * * LOW HITPOINT WARNING * * *
The dart slug launches a dart at you. The slug dart misses you.
You feel the effects of Trog's Hand fading.
Sigmund screams, "Only death can liberate you!"
Sigmund gestures at you while chanting. The magic dart hits you!
* * * LOW HITPOINT WARNING * * *
Sigmund gestures at you while chanting. The magic dart hits you.
* * * LOW HITPOINT WARNING * * *
Sigmund gestures wildly while chanting.
Sigmund flickers and vanishes!
Deactivating autopickup; reactivate with Ctrl-A.
Your skin stops crawling.
You feel less resistant to hostile enchantments.
The dart slug launches a dart at you. The slug dart hits you.
* * * LOW HITPOINT WARNING * * *
Found a gold piece.
You hear some strange, mumbled words.
A puff of flame appears from out of thin air!
The puff of flame hits you!
* * * LOW HITPOINT WARNING * * *
An orc comes into view.
The orc shouts!
You closely miss the orc. The orc misses you. Something hits you.
* * * LOW HITPOINT WARNING * * *
You hit the orc. The orc barely misses you.
You hit the orc.
You kill the orc!
Trog accepts your kill. Something hits you!
You die...

#..#
...#.##.........#
##..#
######.##.........#
....#
#<................#
##.##
######.#..........#
##.#
...#..........#
(....
#####........w.#
##.##
$.....#.######.#
#.#
##.##.#+#.....##.#
#.#
.......@....#.#..#
.# ###.........#
#.## #.........#
#w# ##.##.......#.#
#. #########.# #
#.######
#######.#....#
.........#รท#.#
#######..(.#@#


There were no monsters in sight!

Vanquished Creatures
  2 adders (D:2)
  An ooze (D:1)
  2 worms (D:2)
  4 dart slugs
  2 leopard geckos
  An orc (D:3)
  5 giant cockroaches
  7 goblins
  7 hobgoblins
  6 jackals
  10 bats
  8 frilled lizards
  7 kobolds
  5 rats
67 creatures vanquished.

Notes
Turn   | Place    | Note
-------+----------+-------------------------------------------
     0 | D:1      | Notrik the Hill Orc Berserker began the quest for the Orb.
     0 | D:1      | Reached XP level 1. HP: 19/19 MP: 1/1
    36 | D:1      | Reached skill level 4 in Fighting
    72 | D:1      | Reached XP level 2. HP: 15/27 MP: 2/2
   271 | D:1      | Reached skill level 5 in Fighting
   271 | D:1      | Reached XP level 3. HP: 21/36 MP: 3/3
   767 | D:1      | Reached ** piety under Trog
  1267 | D:2      | Reached XP level 4. HP: 33/44 MP: 4/4
  1432 | D:2      | Reached skill level 6 in Fighting
  2381 | D:3      | Noticed Sigmund
  2435 | D:3      | Slain by Sigmund

Levels and vault maps discovered:
D:1:      dpeg_arrival_simpleton_c, layout_basic, minmay_misc_feat_x
D:2:      layout_basic
D:3:      layout_basic, uniq_sigmund

Skill      XL: |  1  2  3  4 |
---------------+-------------+-----
Fighting       | 4 5 6 |  6.5
Axes           | |  4.0
Armour         | |  2.1
Dodging        | |  1.5

Action                   |  1- 3 |  4- 6 || total
-------------------------+-------+-------++-------
Melee: Hand axe          |   135 |   113 ||   248
Invok: Trog's Hand       |       |     1 ||     1
  Eat: Chunk             |     1 |     4 ||     5
Armor: Animal skin       |    45 |    17 ||    62
       Leather armour    |       |    12 ||    12
Dodge: Dodged            |   113 |    72 ||   185
